 Dungeon Crawl Stone Soup version 0.25-a0-547-g27a0b5d1ef (console) character file.

Game seed: 4101948588257732002, levelgen mode: deterministic

2866 utis the Ducker (level 9, -1/56 HPs)
             Began as a Tengu Arcane Marksman on Feb 21, 2020.
             Slain by a troll (11 damage)
             ... on level 7 of the Dungeon.
             The game lasted 00:29:24 (9682 turns).

utis the Ducker (Tengu Arcane Marksman)             Turns: 9682, Time: 00:29:24

Health: -1/56      AC:  7    Str: 10    XL:     9   Next: 75%
Magic:  9/11       EV: 19    Int: 16    God:
Gold:   293        SH:  0    Dex: 16    Spells: 0/10 levels left

rFire    + . .     SeeInvis .   a - +5 war axe (flame)
rCold    . . .     Gourm    .   (no shield)
rNeg     . . .     Faith    .   u - +0 troll leather armour {Purgy}
rPois    .         Spirit   .   (helmet restricted)
rElec    .         Reflect  .   (no cloak)
rCorr    .         Harm     .   p - +2 pair of gloves
MR       +....                  (boots unavailable)
Stlth    ++........             (no amulet)
HPRegen  0.58/turn              F - ring of protection from fire
MPRegen  0.12/turn              M - ring of protection from magic

@: flying quickly and evasively, lightly drained, quick
A: beak, talons 3, able to fly
a: Stop Flying


You were on level 7 of the Dungeon.
You were near starving.

You visited 1 branch of the dungeon, and saw 7 of its levels.
You also visited: Sewer.

You collected 293 gold pieces.

Inventory:

Hand Weapons
 a - a +5 war axe of flaming (weapon)
 b - a +0 shortbow
 g - a +0 club
 h - a +0 vorpal spear
 o - a +0 vorpal war axe
 s - a +0 whip
 v - a +2 great sword of distortion {!w}
 w - a +1 hunting sling of flaming
 x - a +0 short sword
 y - a +0 trident
 I - a +0 dagger
 J - a +3 dire flail of freezing
Missiles
 d - 78 arrows
 j - 249 stones (quivered)
 l - 49 sling bullets
Armour
 e - a +0 robe
 p - a +2 pair of gloves (worn)
 u - a +0 troll leather armour (worn) {Purgy}
Jewellery
 m - an uncursed ring of protection from magic
 F - a ring of protection from fire (left hand)
 M - a ring of protection from magic (right hand)
Wands
 K - a wand of paralysis (11)
 L - a wand of iceblast (7)
 O - a wand of acid (5)
Scrolls
 k - 6 scrolls of teleportation {@r4}
 r - 3 scrolls of remove curse {@r2}
 z - a scroll of random uselessness {unknown}
 A - a scroll of fear {unknown}
 E - 2 scrolls of enchant weapon
 G - a scroll of summoning {unknown}
 N - a scroll of blinking {unknown}
Potions
 c - 4 potions of heal wounds {@q2}
 i - 2 potions of flight
 n - 2 potions of curing {@q1}
 q - 2 potions of mutation {!q}
 t - 2 potions of stabbing {unknown}
 B - a potion of ambrosia {unknown}
 C - a potion of might
 D - 2 potions of cancellation
 H - a potion of lignification {unknown}
Comestibles
 f - 8 rations {@e1}


   Skills:
 + Level 6.4(5.9) Fighting
 + Level 7.3(6.8) Bows
 + Level 7.3(6.8) Dodging
 - Level 4.0(3.5) Stealth
 - Level 1.0(0.5) Spellcasting
 - Level 5.0(4.5) Hexes


You couldn't memorise any spells.
You knew the following spells:

 Your Spells              Type           Power        Failure   Level  Hunger
a - Corona                Hex            ###....      4%          1    ##.....
o - Portal Projectile     Hex/Tloc       #.....       36%         3    ####...
w - Slow                  Hex            ###.....     8%          2    ###....
x - Cause Fear            Hex            ###.......   45%         4    #####..

Your spell library contained the following spells:

 Spells                   Type           Power        Failure   Level  Hunger
 Inner Flame              Hex/Fire       #.......     36%         3    ####...
 Leda's Liquefaction      Hex/Erth       #.........   77%         4    #####..


Dungeon Overview and Level Annotations

Branches:
Dungeon (7/15)             Temple (0/1) D:4           Sewer (visited)

Altars:
Dithmenos
Fedhas
Kikubaaqudgha
Trog
Vehumet
Zin

Annotations:
D:7 4 runed translucent doors


Innate Abilities, Weirdness & Mutations

You have a beak for a mouth.
You have claws for feet.
You can fly continuously.


Message History

You hit the troll. You burn the troll. Your peck misses the troll.
The troll is severely wounded.
The troll barely misses you. The troll claws you.
* * * LOW HITPOINT WARNING * * *
The troll barely misses you.
You completely miss the troll. Your peck misses the troll.
The troll is severely wounded.
The troll barely misses you. The troll claws you!
* * * LOW HITPOINT WARNING * * *
The troll completely misses you.
You barely miss the troll. Your kick misses the troll.
Your peck misses the troll.
The troll is severely wounded.
The troll closely misses you. The troll claws you!
* * * LOW HITPOINT WARNING * * *
The troll barely misses you.
You hit the troll. You burn the troll. Your kick misses the troll.
The troll is almost dead.
The troll bites you!
You die...

░.░░░░.➘░░░░>░░)░
░........░.░
░.░░░░░..░)░ ...░
░..░.░ ░░░░░ ░.[░)░
░..░.░ ░░░░░░░░░..░)░
░....).....░<░░░░░░
░.░░░░░░░....QT...░
░░░░.░░░░░░░░░..░░░░.░
..............░.░░ ░.░
░░░░.........░░░.░ ░.░
░░░░░░░░░░.░..░░░.░
░░░░░░░░░░░░░░.░..░░.░
..........[...T...░░.░
░░░░░░>.░░░░.░░░░.░░.░
░..░░.....░░Z░░.░


You could see a troll.

Vanquished Creatures
  An unseen horror (D:7)
  A troll (D:7)
  A water moccasin (D:6)
  Purgy (Sewer)
  3 phantoms
  3 ice beasts
  A centaur (D:6)
  2 ogres
  A scorpion (D:6)
  9 wights
  2 howler monkeys (D:7)
  2 crimson imps (D:5)
  An orc wizard (D:6)
  2 orc priests
  2 hounds
  A jelly (D:6)
  A bullfrog skeleton (D:7)
  7 worker ants
  2 hound skeletons
  A worker ant zombie (D:5)
  3 gnolls (D:4)
  A river rat (D:4)
  8 adders
  An ooze (D:1)
  3 worms
  3 leopard geckos
  11 orcs
  8 giant cockroaches
  6 goblins
  6 hobgoblins
  7 jackals
  4 quokkas
  A ball python (D:4)
  7 bats
  3 frilled lizards
  4 kobolds
  3 rats
123 creatures vanquished.

Vanquished Creatures (others)
  A wight (D:6)
1 creature vanquished.

Grand Total: 124 creatures vanquished

Notes
Turn   | Place    | Note
-------+----------+-------------------------------------------
     0 | D:1      | utis the Tengu Arcane Marksman began the quest for the Orb.
     0 | D:1      | Reached XP level 1. HP: 12/12 MP: 3/3
   216 | D:1      | Reached XP level 2. HP: 16/16 MP: 0/4
  1373 | D:2      | Reached XP level 3. HP: 21/21 MP: 3/5
  1377 | D:2      | Learned a level 2 spell: Slow
  2095 | D:2      | Found a blossoming altar of Fedhas.
  2290 | D:2      | Found a shadowy altar of Dithmenos.
  2625 | D:2      | Reached XP level 4. HP: 16/26 MP: 6/6
  4057 | D:3      | Found a radiant altar of Vehumet.
  4278 | D:4      | Found a staircase to the Ecumenical Temple.
  4456 | D:4      | Gained mutation: You can fly continuously. [Tengu growth]
  4456 | D:4      | Reached XP level 5. HP: 31/31 MP: 7/7
  4471 | D:4      | Found a glowing drain.
  4475 | Sewer    | Entered a sewer
  4714 | Sewer    | Noticed Purgy
  4725 | Sewer    | Killed Purgy
  4725 | Sewer    | Reached XP level 6. HP: 36/37 MP: 4/8
  4919 | D:4      | Learned a level 3 spell: Portal Projectile
  5445 | D:5      | Entered Level 5 of the Dungeon
  5645 | D:5      | Reached XP level 7. HP: 41/41 MP: 3/9
  6365 | D:4      | Found a staircase to the Ecumenical Temple.
  7047 | D:5      | f
  7057 | D:5      | Reached skill level 5 in Hexes
  7057 | D:5      | Reached XP level 8. HP: 40/47 MP: 10/10
  7363 | D:5      | Found a glowing silver altar of Zin.
  7474 | D:5      | Found a bloodstained altar of Trog.
  7915 | D:6      | Reached skill level 5 in Bows
  7915 | D:6      | Reached skill level 5 in Dodging
  8324 | D:6      | Reached skill level 1 in Stealth
  8912 | D:7      | Reached XP level 9. HP: 53/53 MP: 11/11
  8919 | D:7      | Found an ancient bone altar of Kikubaaqudgha.
  8925 | D:7      | Learned a level 4 spell: Cause Fear
  8931 | D:7      | Reached skill level 5 in Fighting
  8986 | D:7      | Killed an unseen horror
  9538 | D:7      | Found a runed translucent door.
  9541 | D:7      | Noticed a cyclops
  9551 | D:7      | Noticed a troll
  9560 | D:7      | Found a runed translucent door.
  9560 | D:7      | Found a runed translucent door.
  9560 | D:7      | Found a runed translucent door.
  9560 | D:7      | Noticed a troll
  9560 | D:7      | Noticed a deep elf mage
  9560 | D:7      | Noticed a meliai
  9578 | D:7      | Noticed a troll
  9642 | D:7      | Killed a troll
  9682 | D:7      | Slain by a troll

Levels and vault maps discovered:
D:1:      matt_arrival_spirals, layout_loops_cross
D:2:      layout_loops_corners, fedhas_altar_fruit_tree, grunt_dithmenos_smoke
D:3:      layout_loops_ring, marbit_many_paths,
          hangedman_abyss_or_decor_lesser_grid, minmay_quadrilaterals
D:4:      layout_loops_ring, minmay_temple_entry_trees, gup_sewer_entry_bowl
D:5:      layout_basic, kennysheep_little_box, nicolae_overflow_crystal_walls,
          first_ration
D:6:      layout_cave_pools, chequers_serial_rivers_large_a
D:7:      minmay_the_grid_triangle_9x9_rhombus_thin
          [minmay_the_grid_triangle_9x9_fully_insulated_deathbox,
          minmay_the_grid_triangle_9x9_prize_schism,
          minmay_the_grid_triangle_9x9_wacky_v,
          minmay_the_grid_triangle_9x9_subtriangle], layout_loops_ring,
          old_standard_altar, uniq_crazy_yiuf_cottage

Skill      XL: |  1  2  3  4  5  6  7  8  9 |
---------------+----------------------------+-----
Bows           | 3 4 5 7 |  7.3
Dodging        | 3 4 5 7 |  7.3
Fighting       | 2 3 4 6 |  6.4
Hexes          | 3 5 |  5.0
Stealth        | 4 |  4.0
Spellcasting   | |  1.0

Action                   |  1- 3 |  4- 6 |  7- 9 || total
-------------------------+-------+-------+-------++-------
Melee: Unarmed           |    10 |       |       ||    10
       Kick              |    13 |    15 |    24 ||    52
       Peck              |     5 |    12 |    17 ||    34
       Club              |    28 |       |       ||    28
       Whip              |    19 |     2 |       ||    21
       Dagger            |    14 |       |       ||    14
       War axe           |       |    49 |   118 ||   167
       Short sword       |       |     7 |       ||     7
 Fire: Shortbow          |    16 |    10 |   113 ||   139
       Hunting sling     |       |    26 |    80 ||   106
Throw: Stone             |    17 |       |       ||    17
 Cast: Corona            |    49 |     4 |       ||    53
       Slow              |       |     9 |    39 ||    48
 Abil: Fly               |       |     1 |       ||     1
  Use: Scroll            |     3 |     9 |     1 ||    13
       Potion            |       |     1 |       ||     1
 Stab: Sleeping          |       |     2 |     1 ||     3
  Eat: Chunk             |     7 |    10 |     4 ||    21
       Ration            |       |       |     3 ||     3
Armor: Robe              |    10 |     3 |       ||    13
       Troll leather arm |       |     6 |    26 ||    32
Dodge: Dodged            |    70 |    37 |   193 ||   300

Table legend:
 A = Non-vault XP
 B = Vault XP
 C = Vault XP percentage of total XP
 D = Non-vault monster count
 E = Vault monster count
 F = Vault count percentage of total count
                 A         B        C        D         E       F
            +---------+---------+-------+---------+---------+-------
      Total |    3579 |     516 |  12.6 |     106 |      18 |  14.5
            +---------+---------+-------+---------+---------+-------
        D:1 |      27 |       0 |   0.0 |      13 |       0 |   0.0
        D:2 |      60 |       0 |   0.0 |      15 |       0 |   0.0
        D:3 |      13 |      16 |  55.2 |       6 |       6 |  50.0
        D:4 |     518 |      18 |   3.4 |      14 |       3 |  17.6
        D:5 |     481 |       0 |   0.0 |      12 |       0 |   0.0
        D:6 |    1021 |       0 |   0.0 |      24 |       0 |   0.0
        D:7 |    1459 |     341 |  18.9 |      22 |       3 |  12.0
      Sewer |       0 |     141 | 100.0 |       0 |       6 | 100.0
            +---------+---------+-------+---------+---------+-------
